 Dungeon Crawl Stone Soup version 0.16-a0-3943-gb4b81e6 (console) character file.

168 Fusha the Conjurer (level 5, -1/39 HPs)
             Began as a Demigod Conjurer on Feb 8, 2015.
             Hit by a stone thrown by an orc (4 damage)
             ... on level 3 of the Dungeon.
             The game lasted 00:11:48 (3035 turns).

Fusha the Conjurer (Demigod Conjurer)               Turns: 3035, Time: 00:11:48

Health: -1/39      AC:  2    Str: 11    XL:     5   Next: 3%
Magic:  1/12       EV: 13    Int: 21    God:
Gold:   129        SH:  0    Dex: 16    Spells: 3 memorised, 2 levels left

rFire  . . .     SeeInvis .     i - +0 short sword
rCold  . . .     Clarity  .     a - +0 robe
rNeg   . . .     SustAb   +     (no shield)
rPois  .         Gourm    .     (no helmet)
rElec  .         Spirit   .     (no cloak)
rCorr  .         Warding  .     (no gloves)
rMut   .         Stasis   .     (no boots)
MR     .....                    (no amulet)
Stlth  ++........               (no ring)
                                (no ring)

@: not resistant to hostile enchantments, unstealthy
A: sustain abilities
a: no special abilities


You were on level 3 of the Dungeon.
You were not hungry.

You visited 1 branch of the dungeon, and saw 4 of its levels.

You collected 129 gold pieces.

Inventory:

Hand weapons
 i - a +0 short sword (weapon)
Missiles
 h - 63 stones (quivered)
 j - 17 poisoned needles
Armour
 a - a +0 robe (worn)
Magical devices
 l - a wand of polymorph (3)
 p - a wand of teleportation (6)
Scrolls
 e - a scroll of enchant armour {unknown}
 f - a scroll of identify
 m - a scroll of remove curse {unknown}
Potions
 d - a potion of haste
 g - 2 potions of curing {unknown}
 k - a potion of heal wounds
 n - a potion of restore abilities
Books
 c - a book of Conjurations

   Spells                             Type                      Level
   a - Magic Dart                     Conjuration                  1
   b - Searing Ray                    Conjuration                  2
   c - Dazzling Spray                 Conjuration/Hexes            3
   d - Fulminant Prism                Conjuration/Hexes            4
   e - Iskenderun's Mystic Blast      Conjuration                  4
   f - Iskenderun's Battlesphere      Conjuration/Charms           5
Comestibles
 b - 4 bread rations
 o - a royal jelly


   Skills:
 + Level 0.5 Fighting
 + Level 0.3 Short Blades
 + Level 2.5 Dodging
 + Level 2.5 Stealth
 + Level 2.3 Spellcasting
 + Level 4.9 Conjurations


You had 2 spell levels left.
You knew the following spells:

 Your Spells              Type           Power        Failure   Level  Hunger
a - Magic Dart            Conj           ###.         1%          1    #......
b - Searing Ray           Conj           ###...       2%          2    ##.....
c - Dazzling Spray        Conj/Hex       ##......     17%         3    ###....


Dungeon Overview and Level Annotations

Branches:
Dungeon (4/15)
 Temple: D:4-7


Innate Abilities, Weirdness & Mutations

Your attributes are resistant to harm.


Message History

Evoke which item? (* to show all) (? for menu, Esc to quit)
Okay, then.
The orc priest mumbles some strange prayers to Beogh against you.
Pain shoots through your body!
The orc throws a stone.
The stone closely misses you.
You see here a stone.
You barely miss the orc.
The orc is heavily wounded.
The orc barely misses you.
The orc priest looks braver.
The orc priest invokes the aid of Beogh against you.
Pain shoots through your body!
* * * LOW HITPOINT WARNING * * *
The orc priest mumbles some strange prayers to Beogh against you.
Pain shoots through your body!
* * * LOW HITPOINT WARNING * * *
The orc throws a stone.
The stone hits you but does no damage.
You see here 2 stones.
The orc throws a stone.
The stone hits you.
You die...

#.... ....# #.... #..# #.# ###
####.#.# #.o#### #.# #..
..#.#.####...)oo ######.# #.#
#.#.......o###.# .....#[# #.#
##.#...###..# #.. ...#.#.#
##.###.......##..# #.# ##
#.#.#.###<#..((.o.(>.....# #.. ..
#...#.##.###.@#..o(#.##.## ###
...#...#.#.## ##.#....#.##.######
...#......## ##..#.#..##.......
........#..# #.....##.########.
...#.##.#.#.# #......##..#######.
. #.##.#.##.#.#.........(.......
#.##.#.# #.##..<...##..######.
####.##...............#.#..# #.
.....####.####.###.##..##..#####.


You could see an orc.

Vanquished Creatures
  A hound (D:4)
  Jessica (D:3)
  2 adders
  A gnoll (D:1)
  3 worms
  2 giant geckos (D:1)
  2 oozes
  3 orcs
  3 giant cockroaches
  5 goblins
  7 hobgoblins
  7 kobolds
  2 quokkas
  A ball python (D:3)
  11 bats
  5 giant newts (D:2)
  5 jackals (D:1)
  8 rats
69 creatures vanquished.

Notes
Turn   | Place    | Note
--------------------------------------------------------------
     0 | D:1      | Fusha, the Demigod Conjurer, began the quest for the Orb.
     0 | D:1      | Reached XP level 1. HP: 14/14 MP: 3/3
   523 | D:1      | Reached skill level 4 in Conjurations
   523 | D:1      | Reached XP level 2. HP: 20/20 MP: 0/4
   527 | D:1      | Learned a level 2 spell: Searing Ray
  1283 | D:1      | Reached XP level 3. HP: 26/26 MP: 5/7
  1985 | D:2      | Reached XP level 4. HP: 30/34 MP: 8/10
  2354 | D:2      | Learned a level 3 spell: Dazzling Spray
  2455 | D:3      | Noticed Jessica
  2480 | D:3      | Killed Jessica
  2696 | D:3      | Found a sacrificial altar of Ru.
  2790 | D:4      | Reached XP level 5. HP: 10/39 MP: 0/12
  3035 | D:3      | Hit by a stone thrown by an orc

Action                   |  1- 3 |  4- 6 || total
-------------------------+-------+-------++-------
Melee: Unarmed           |     5 |       ||     5
       Short sword       |    24 |    16 ||    40
Throw: Stone             |     2 |       ||     2
 Cast: Magic Dart        |    84 |    53 ||   137
       Searing Ray       |     3 |     6 ||     9
  Use: Potion            |     1 |       ||     1
       Scroll            |       |     3 ||     3
 Stab: Sleeping          |     1 |     1 ||     2
  Eat: Meat ration       |     1 |     1 ||     2
